Map: Frozen Temple

Players

SortOf - Winner!

  • Race: Zerg Zerg
  • League: Master

HellraiseR

  • Race: Protoss Protoss
  • League: Master

VOD

Have the link to the VOD?

Description

Time

  • Played on: Oct. 26, 2016, 4:33 a.m.
  • Length: 12:15
Show
View Real Time Build Order
Export as new Build Order

SortOf Zerg - Winner!

Build Orders: Hatch First 

Get SALT Encoding   

  12  0:00  Drone  
  13  0:12  Overlord  
  13  0:17  Drone  
  14  0:31  Drone x2  
  14  0:34  Drone  
  17  0:52  Unknown, Hatchery  
  17  0:55  Drone  
  17  0:58  Drone  
  18  1:09  Extractor  
  17  1:13  Spawning Pool  
  17  1:16  Drone  
  17  1:20  Drone  
  18  1:29  Drone  
  19  1:38  Overlord  
  19  1:49  Drone  
  20  2:00  Queen  
  20  2:01  Zergling x2  
  23  2:03  Queen, Unknown  
  23  2:05  Drone  
  26  2:09  Metabolic Boost  
  26  2:11  Drone  
  27  2:19  Zergling x2  
  27  2:22  Drone  
  29  2:28  Zergling x2  
  30  2:35  Unknown, Hatchery  
  29  2:38  Drone  
  30  2:44  Overlord  
  30  2:47  Drone  
  30  2:51  Drone  
  32  2:53  Drone  
  32  2:57  Pneumatized Carapace  
  33  3:02  Drone  
  34  3:08  Drone x2  
  34  3:09  Drone  
  34  3:10  Overlord  
  37  3:13  Zergling x2  
  37  3:16  Zergling x2  
  37  3:17  Drone  
  40  3:23  Drone  
  41  3:29  Drone  
  41  3:31  Drone x2  
  41  3:32  Queen  
  46  3:38  Drone  
  47  3:44  Drone x2  
  47  3:46  Unknown  
  49  3:49  Drone x2  
  49  3:52  Spore Crawler  
  49  3:54  Spore Crawler  
  49  3:55  Drone  
  49  3:56  Drone  
  49  3:59  Spore Crawler, Queen  
  52  4:03  Overlord  
  52  4:09  Spore Crawler  
  51  4:15  Overlord  
  51  4:16  Overlord  
  51  4:19  Overlord  
  51  4:23  Baneling Nest  
  51  4:24  Evolution Chamber, Drone x3  
  49  4:26  Drone  
  52  4:42  Zergling x2  
  52  4:43  Zergling x16  
  52  4:45  Queen  
  63  4:54  Queen, Zerg Melee Weapons Level 1  
  63  4:59  Drone x2  
  69  5:00  Drone x2  
  69  5:13  Zergling x6  
  69  5:14  Overlord  
  72  5:15  Lair  
  72  5:20  Roach Warren  
  72  5:21  Queen, Baneling x3  
  71  5:24  Zergling x2  
  71  5:25  Zergling x4  
  76  5:29  Extractor, Drone x2  
  77  5:36  Zergling x4  
  77  5:37  Zergling x8  
  75  5:46  Drone  
  75  5:47  Baneling x3  
  75  5:48  Drone  
  75  5:49  Drone x5  
  79  5:50  Drone  
  79  5:53  Drone  
  81  5:58  Drone x2  
  81  6:00  Overlord  
  83  6:08  Drone  
  83  6:09  Extractor, Drone x2  
  83  6:10  Drone  
  86  6:12  Extractor  
  86  6:16  Drone  
  85  6:25  Drone x2  
  83  6:31  Drone x3  
  80  6:37  Extractor  
  80  6:38  Overlord, Drone  
  80  6:40  Unknown, Hatchery  
  80  6:41  Drone x6  
  80  6:42  Extractor  
  80  6:45  Unknown, Hatchery  
  83  6:48  Zerg Melee Weapons Level 2, Centrifical Hooks  
  83  6:58  Roach x4, Zergling x6  
  94  7:05  Drone x3  
  94  7:07  Glial Reconstitution  
  97  7:11  Overlord  
  97  7:13  Overlord x3  
  97  7:21  Baneling x2  
  97  7:22  Baneling  
  97  7:28  Overseer  
  97  7:30  Drone x4  
  97  7:31  Infestation Pit, Drone x4  
  97  7:34  Zergling x4  
  97  7:35  Zergling x2  
  107  7:44  Zergling x2  
  107  7:45  Zergling x8  
  107  7:48  Roach x2  
  116  7:52  Unknown  
  116  7:53  Roach x3  
  116  7:54  Overlord  
  116  7:56  Unknown  
  116  7:58  Overlord  
  122  8:03  Drone x3  
  122  8:04  Spire  
  123  8:14  Drone  
  123  8:22  Extractor, Drone x8  
  123  8:23  Extractor, Drone  
  123  8:24  Drone x2  
  132  8:28  Spore Crawler  
  132  8:30  Hive  
  132  8:31  Zergling x8  
  132  8:32  Zergling x8  
  139  8:36  Ravager x9  
  148  8:49  Zergling x4  
  148  8:51  Overlord  
  148  8:52  Spore Crawler  
  148  8:53  Spine Crawler  
  148  8:55  Overlord  
  148  8:59  Overseer  
  148  9:06  Overlord  
  148  9:12  Zergling x20  
  148  9:14  Overlord  
  157  9:20  Unknown, Hatchery  
  156  9:32  Queen  
  156  9:34  Overlord  
  158  9:52  Baneling x10  
  158  9:53  Baneling  
  158  9:57  Adrenal Glands, Greater Spire  
  158  9:59  Corruptor x9  
  156  10:06  Zergling x12  
  156  10:07  Zergling x24  
  187  10:16  Zergling x2  
  187  10:17  Zergling x4  
  187  10:26  Zergling x18  
  187  10:31  Zergling x8  
  187  10:32  Unknown, Overlord x3  
  187  10:33  Overlord  
  185  10:41  Baneling  
  185  10:42  Baneling x20  
  184  10:47  Zergling x14  
  191  10:54  Baneling x3  
  191  10:56  Zergling x6  
  191  10:57  Zergling x4  
  196  11:00  Baneling x20  
  196  11:01  Baneling  
  196  11:03  Zergling x6  
  170  11:21  Zergling x10  
  170  11:22  Zergling x28  
  164  11:29  Brood Lord  
  164  11:30  Brood Lord x2  
  170  11:35  Zergling x14  
  170  11:39  Brood Lord  
  177  11:49  Brood Lord x2  
Show
View Real Time Build Order
Export as new Build Order

HellraiseR Protoss 

Build Orders: 1 Gate Expand, Oracle Opening 

Get SALT Encoding   

  12  0:02  Probe (Chrono Boost)  
  13  0:12  Probe (Chrono Boost)  
  14  0:18  Pylon  
  14  0:23  Probe (Chrono Boost)  
  15  0:36  Probe (Chrono Boost)  
  15  0:39  Gateway  
  16  0:47  Probe (Chrono Boost)  
  16  0:48  Assimilator  
  17  0:58  Probe (Chrono Boost)  
  18  1:08  Probe (Chrono Boost)  
  19  1:20  Nexus, Unknown  
  19  1:24  Probe (Chrono Boost)  
  20  1:36  Cybernetics Core  
  20  1:37  Probe (Chrono Boost)  
  21  1:45  Assimilator  
  21  1:48  Probe (Chrono Boost)  
  21  1:50  Pylon  
  22  1:58  Probe (Chrono Boost)  
  23  2:09  Adept  
  23  2:10  Probe (Chrono Boost)  
  23  2:13  Warp Gate  
  26  2:22  Probe (Chrono Boost)  
  27  2:32  Probe (Chrono Boost), Unknown  
  27  2:33  Probe (Chrono Boost)  
  27  2:34  Stargate  
  29  2:43  Probe x2 (Chrono Boost), Stalker  
  33  2:53  Probe (Chrono Boost)  
  33  2:54  Probe (Chrono Boost)  
  35  3:04  Probe x2 (Chrono Boost)  
  37  3:07  Gateway x2  
  37  3:12  Oracle  
  37  3:16  Probe (Chrono Boost)  
  37  3:19  Probe (Chrono Boost)  
  42  3:21  Pylon  
  43  3:28  Probe (Chrono Boost)  
  43  3:30  Probe (Chrono Boost)  
  44  3:36  Adept  
  44  3:40  Probe (Chrono Boost)  
  48  3:41  Probe (Chrono Boost)  
  48  3:42  Pylon  
  48  3:43  Oracle  
  48  3:52  Probe (Chrono Boost)  
  48  3:53  Probe (Chrono Boost)  
  53  4:02  Probe (Chrono Boost), Pylon  
  54  4:05  Probe (Chrono Boost)  
  55  4:13  Probe (Chrono Boost)  
  57  4:17  Probe (Chrono Boost)  
  57  4:24  Adept x3  
  64  4:31  Probe (Chrono Boost)  
  64  4:33  Nexus, Unknown  
  64  4:34  Pylon  
  64  4:36  Mothership Core (Chrono Boost)  
  66  4:38  Assimilator  
  66  4:39  Assimilator  
  66  4:42  Probe (Chrono Boost)  
  67  4:52  Pylon  
  68  4:53  Probe (Chrono Boost)  
  68  4:54  Forge  
  68  4:55  Probe (Chrono Boost)  
  69  5:03  Probe (Chrono Boost)  
  69  5:04  Adept x2  
  69  5:05  Adept  
  69  5:06  Probe (Chrono Boost)  
  77  5:10  Robotics Facility  
  77  5:12  Robotics Facility  
  77  5:14  Probe (Chrono Boost)  
  77  5:16  Protoss Ground Weapons Level 1  
  77  5:17  Probe (Chrono Boost)  
  79  5:26  Probe (Chrono Boost)  
  79  5:28  Probe (Chrono Boost)  
  81  5:32  Adept, Sentry  
  85  5:38  Probe (Chrono Boost)  
  85  5:40  Probe (Chrono Boost)  
  81  5:44  Unknown  
  81  5:48  Adept, Probe (Chrono Boost)  
  75  5:50  Probe x2 (Chrono Boost)  
  75  5:52  Void Ray  
  80  5:57  Adept x2  
  80  5:58  Probe (Chrono Boost)  
  80  6:01  Immortal x2  
  80  6:02  Probe (Chrono Boost)  
  86  6:10  Probe (Chrono Boost)  
  96  6:20  Probe (Chrono Boost)  
  84  6:29  Probe x2 (Chrono Boost)  
  84  6:32  Probe (Chrono Boost)  
  85  6:41  Probe x2 (Chrono Boost)  
  85  6:44  Probe (Chrono Boost)  
  85  6:46  Twilight Council  
  86  6:48  Robotics Bay  
  86  6:52  Probe x2 (Chrono Boost)  
  88  6:55  Probe (Chrono Boost), Stalker x3  
  88  7:00  Assimilator  
  95  7:01  Assimilator, Pylon  
  95  7:02  Probe x2 (Chrono Boost)  
  95  7:07  Probe (Chrono Boost)  
  98  7:08  Blink  
  98  7:11  Gateway  
  98  7:12  Gateway  
  98  7:13  Probe x2 (Chrono Boost)  
  98  7:14  Gateway  
  98  7:15  Protoss Ground Weapons Level 2  
  100  7:19  Probe (Chrono Boost)  
  101  7:25  Probe (Chrono Boost)  
  101  7:27  Probe (Chrono Boost)  
  104  7:31  Probe (Chrono Boost)  
  104  7:35  Sentry  
  104  7:37  Probe (Chrono Boost), Pylon  
  107  7:38  Probe (Chrono Boost)  
  107  7:40  Pylon  
  107  7:43  Pylon  
  108  7:45  Gateway  
  108  7:46  Pylon  
  108  8:03  Stalker x3  
  116  8:06  Probe (Chrono Boost)  
  116  8:07  Probe (Chrono Boost)  
  116  8:18  Stalker  
  116  8:19  Stalker x2  
  122  8:20  Colossus x2  
  122  8:29  Stalker  
  122  8:30  Stalker x2  
  140  8:34  Pylon  
  140  8:37  Pylon  
  140  8:40  Pylon  
  140  8:49  Photon Cannon  
  140  8:53  Sentry x3, Photon Cannon  
  140  8:54  Photon Cannon  
  140  8:55  Nexus, Unknown  
  146  8:58  Extended Thermal Lance  
  146  9:01  Pylon  
  146  9:09  Colossus  
  145  9:15  Colossus  
  157  9:28  Nexus, Unknown  
  157  9:29  Photon Cannon  
  157  9:35  Protoss Ground Weapons Level 3  
  154  9:39  Photon Cannon  
  154  9:40  Pylon  
  154  9:50  Stalker x5  
  154  9:52  Adept  
  166  9:53  Zealot  
  168  10:13  Sentry  
  168  10:14  Adept  
  172  10:16  Adept x4  
  150  10:31  Stalker  
  151  10:37  Stalker x6  
  151  10:39  Unknown  
  167  10:55  Stalker  
  165  11:00  Stalker x5  
  175  11:06  Stalker  
  95  11:28  Stalker x5  
  95  11:30  Stalker  
  107  11:40  Stalker  
Tags
 
Add a new tag
Caveats
  • Supply blocks, unpowered buildings, or Contaminate may cause inaccurate times.
  • Supply counts are checked every 10 seconds.